 Dungeon Crawl Stone Soup version 0.30-a0-218-gedb9141078 (webtiles) character file.

Game seed: 10315639298791051874

137 billz999 the Sneak (level 5, 0/35 HPs)
             Began as a Vampire Earth Elementalist on Oct 5, 2022.
             Succumbed to their own poison gas
             ... on level 3 of the Dungeon.
             The game lasted 00:05:03 (2127 turns).

billz999 the Sneak (Vampire Earth Elementalist)     Turns: 2127, Time: 00:05:03

Health: 0/35       AC:  2    Str:  7    XL:     5   Next: 0%
Magic:  7/8        EV: 16    Int: 20    God:
Gold:   123        SH:  0    Dex: 14    Spells: 7/8 levels left

rFire   . . .      SeeInvis +    i - +0 long sword
rCold   . . .      Faith    .    (no shield)
rNeg    . . .      Spirit   .    a - +0 robe
rPois   .          Reflect  .    t - +0 hat
rElec   .          Harm     .    (no cloak)
rCorr   .          Rampage  .    (no gloves)
Will    .....                    (no boots)
Stlth   +++.......               (no amulet)
HPRegen 0.45/turn                r - +4 ring of evasion
MPRegen 0.11/turn                (no ring)

@: lethally poisoned (0 -> -9), healing quickly
A: alive, fangs 3, see invisible, vampiric 2
a: Exsanguinate


You were on level 3 of the Dungeon.
You visited 1 branch of the dungeon, and saw 3 of its levels.

You collected 123 gold pieces.

Inventory:

Hand Weapons
 i - a +0 long sword (weapon)
 q - a +0 dagger
Missiles
 e - 36 stones
 h - 4 poisoned darts
Armour
 a - a +0 robe (worn)
 t - a +0 hat (worn)
Jewellery
 r - a +4 ring of evasion (left hand)
Scrolls
 c - a scroll of enchant weapon {unknown}
 g - a scroll of enchant armour
 j - a scroll of noise {unknown}
 m - 8 scrolls of identify
 n - a scroll of vulnerability {unknown}
 o - a scroll of poison
 p - a scroll of immolation
 s - a scroll of magic mapping
 u - a scroll of fear {unknown}
Potions
 b - a potion of magic
 f - a potion of lignification
 k - a potion of brilliance {unknown}
 l - 3 potions of curing


   Skills:
 - Level 2.1 Dodging
 + Level 6.1 Stealth
 - Level 2.0 Spellcasting
 + Level 3.8 Transmutations
 - Level 3.0 Earth Magic


You had 7 spell levels left.
You knew the following spells:

 Your Spells              Type           Power      Damage    Failure   Level
a - Sandblast             Erth           28%        2d8       4%          1

Your spell library contained the following spells:

 Spells                   Type           Power      Damage    Failure   Level
 Passwall                 Tmut/Erth      12%        N/A       6%          2
 Stone Arrow              Conj/Erth      16%        3d8       26%         3
 Petrify                  Tmut/Erth      15%        N/A       36%         4
 Ozocubu's Armour         Ice            2%         N/A       43%         3
 Ozocubu's Refrigeration  Ice            1%         4d7       100%        7


Dungeon Overview and Level Annotations

Branches:
Dungeon (3/15)

Altars:

Annotations:
D:3 glaedl's ghost, weakling DsNe


Innate Abilities, Weirdness & Mutations

Your natural rate of healing is accelerated.
You have razor-sharp teeth.
You have supernaturally acute eyesight. (SInv)
You are afflicted with vampirism and can become a bat while bloodless.


Message History

You can't go up here!
The iguana attacks as you move away! The iguana bites you!
Okay, then.
You aren't carrying any items that you can evoke.
Unknown command.
Casting: Sandblast (safe; 4% risk of failure)
Confirm with . or Enter, or press ? or * to list all spells.
Okay, then.
Casting: Sandblast (safe; 4% risk of failure)
Confirm with . or Enter, or press ? or * to list all spells.
Aiming: Sandblast (safe; 4% risk of failure)
Press: ? - help, Shift-Dir - straight line, f/p - iguana
Aim: an iguana (84% to hit)
The blast of sand hits the iguana.
The iguana is lightly wounded.
The iguana bites you. The iguana barely misses you.
You aren't carrying any items that you can evoke.
Unknown command.
The air fills with toxic fumes!
As you read the scroll labelled AXONOUM ISCHAC, it crumbles to dust.
It was a scroll of poison.
The iguana closely misses you.
As you read the scroll labelled YSHOITSYES, it crumbles to dust.
You feel aware of your surroundings.
It was a scroll of magic mapping.
The iguana bites you!
* * * LOW HITPOINT WARNING * * *
It was a potion of curing.
You feel better. The iguana misses you.
As you read the scroll labelled SAMIZX AM LESYAP, it crumbles to dust.
It is a scroll of identify.
g - a scroll of enchant armour The iguana completely misses you.
Okay, then.
Blink to where?
Press: ? - help, Dir - move target, p - iguana Really blink into that cloud of poison gas?
As you read the scroll labelled MOC NAITWYR, it crumbles to dust.
It was a scroll of blinking.
You are engulfed in poison gas.
You are poisoned.
* * * LOW HITPOINT WARNING * * *
x2 You feel very sick.
You die...

#..........######.#
#########'## #.# #.#
####.# #.# #<...#
**#########.# ######
*,§§#....##.#
*,§§'....##.#
*,§§#..#.##.#
**####.#@##.#
###########....#§##.######
^..........§§§§§☼§l§§§§§>#
.#########.§§§§§§##.####.#
.# #.###§####W# #.# .# #.#
#.####.####.# .#########)#
#..W.<......# .##........#
###########.# )..........#
#.#


There were no monsters in sight!

Vanquished Creatures
  A scorpion (D:3)
  2 adders
  A worm (D:3)
  3 dart slugs
  An orc (D:3)
  A bat (D:1)
  5 endoplasms
  5 giant cockroaches
  5 goblins
  5 hobgoblins
  3 jackals (D:3)
  A ball python (D:3)
  8 frilled lizards
  4 kobolds
  6 rats
51 creatures vanquished.

Notes
Turn   | Place    | Note
-------+----------+-------------------------------------------
     0 | D:1      | billz999 the Vampire Earth Elementalist began the quest for
                  | the Orb.
     0 | D:1      | Reached XP level 1. HP: 13/13 MP: 3/3
   153 | D:1      | Found a faded altar of an unknown god.
   235 | D:1      | Reached XP level 2. HP: 19/19 MP: 3/5
   666 | D:2      | Reached skill level 4 in Stealth
   914 | D:2      | Gained mutation: You are afflicted with vampirism and can
                  | become a bat while bloodless. [Vampire growth]
   914 | D:2      | Reached XP level 3. HP: 24/24 MP: 6/6
  1317 | D:3      | Found a runed translucent door.
  1341 | D:3      | Noticed glaedl's ghost (weakling DsNe)
  1364 | D:3      | Reached skill level 5 in Stealth
  1560 | D:3      | Reached XP level 4. HP: 28/30 MP: 3/7
  1940 | D:3      | Noticed a scorpion
  1948 | D:3      | Killed a scorpion
  1949 | D:3      | Reached skill level 6 in Stealth
  1949 | D:3      | Reached XP level 5. HP: 8/35 MP: 0/8
  2127 | D:3      | Succumbed to their own poison gas

Illustrated notes

Levels and vault maps discovered:
D:1:      erik_arrival_orb_chamber, layout_basic, ebering_ecumenical_altar_hall
D:2:      layout_rooms, solitary_fountain
D:3:      layout_basic, ebering_ghost_inner_flame

Skill      XL: |  1  2  3  4 |
---------------+-------------+-----
Transmutations | 2 3 |  3.8
Stealth        | 4 5 6 |  6.1
Dodging        | |  2.1
Spellcasting   | |  2.0
Earth Magic    | |  3.0

Action                   |  1- 3 |  4- 6 || total
-------------------------+-------+-------++-------
Melee: Unarmed           |    20 |       ||    20
       Bite              |     1 |       ||     1
       Long sword        |    49 |     2 ||    51
       Punch             |     1 |       ||     1
 Cast: Sandblast         |    35 |    20 ||    55
  Use: Potion            |     1 |     1 ||     2
       Scroll            |       |     4 ||     4
 Stab: Sleeping          |    10 |       ||    10
Armor: Robe              |    16 |     2 ||    18
       Skin              |     1 |       ||     1
Dodge: Dodged            |    75 |    20 ||    95

Table legend: (Time is in decaauts)
 A = Elapsed time spent in this place.
 B = Non-inter-level travel time spent in this place.
 C = Inter-level travel time spent in this place.
 D = Time resting spent in this place.
 E = Time spent auto-exploring this place.
 F = Levels seen in this place.
 G = Mean time per level.
                   A        B        C        D        E       F      G
               +--------+--------+--------+--------+--------+-----+--------+
         Total |   2173 |   2051 |    122 |    301 |   1349 |   3 |  724.3 |
       Dungeon |   2173 |   2051 |    122 |    301 |   1349 |   3 |  724.3 |
               +--------+--------+--------+--------+--------+-----+--------+

Top non-repeatable levels by time:
     D:3: 847 daAuts
     D:1: 667 daAuts
     D:2: 659 daAuts
